 Dungeon Crawl Stone Soup version 0.32-a0-433-g08bcfe7efd (webtiles) character file.

Game seed: 1356279198407554189

2131 javelincjr the Fighter (level 9, -3/75 (81) HPs)
             Began as a Mountain Dwarf Monk on Feb 22, 2024.
             Was a Priest of Beogh.
             Slain by Nordag the orc apostle
             ... wielding the +11 dagger of Sazanoh {drain, rN+ Will+}
              (9 damage)
             ... on level 7 of the Dungeon.
             The game lasted 00:28:41 (6260 turns).

javelincjr the Fighter (Mountain Dwarf Monk)        Turns: 6260, Time: 00:28:41

HP:   -3/75 (81)    AC:  9    Str: 18    XL:     9   Next: 9%
MP:   9/9           EV: 13    Int: 11    God:    Beogh [***...]
Gold: 279           SH:  0    Dex: 12    Spells: 8/8 levels left

rFire   . . .        a - +4 long sword of Noon {spect, rPois Stlth+}
rCold   . . .        (no shield)
rNeg    . . .        c - +0 steam dragon scales
rPois   +            v - +1 hat
rElec   .            b - scarf {shadows}
rCorr   .            p - +1 pair of gloves
SInv    .            (no boots)
Will    .....        I - amulet of regeneration
Stlth   +++          s - ring of poison resistance
HPRegen 1.12/turn    (no ring)
MPRegen 0.11/turn

%: no passive effects
@: mighty, on berserk cooldown, slowed, drained, very slow
A: runic magic, artefact enchanting
a: Renounce Religion, Smiting


You were on level 7 of the Dungeon.
You worshipped Beogh.
Beogh was most pleased with you.
You visited 2 branches of the dungeon, and saw 8 of its levels.
You also visited: Ossuary.

You collected 333 gold pieces.
You spent 54 gold pieces at shops.

Inventory:

Hand Weapons
 a - the +4 long sword of Noon (weapon) {spect, rPois Stlth+}
   (You found it on level 5 of the Dungeon)

   rPois:     It protects you from poison Stlth+: It makes you more stealthy.
 g - a +1 heavy arbalest
 h - the +7 triple sword of War {holy, *Rage rElec rC++ rN+}
   (You acquired it on level 4 of the Dungeon)

   rC++:      It greatly protects you from cold.
   rElec:     It insulates you from electricity.
   rN+:       It protects you from negative energy.
   *Rage:     It berserks you when you make melee attacks (+20% chance).
 l - a +0 hand axe
 u - the +7 dagger of Zin, Holding {holy, rF++}
   (You found it on level 2 of the Dungeon)

   rF++:      It greatly protects you from fire.
Missiles
 B - 5 boomerangs (quivered)
 C - a throwing net
 J - 2 javelins
 K - 3 darts of dispersal
 L - 15 poisoned darts
Armour
 b - a scarf of shadows (worn)
 c - +0 steam dragon scales (worn)
 d - an orb of light
 e - a +0 kite shield
 f - a +0 chain mail
 k - a +0 cloak
 p - a +1 pair of gloves (worn)
 q - a +0 ring mail
 v - a +1 hat (worn)
 w - a +0 plate armour
 y - a +0 scale mail
Jewellery
 s - a ring of poison resistance (left hand)
 I - an amulet of regeneration (around neck)
Talismans
 t - a blade talisman
Wands
 n - a wand of flame (23)
 H - a wand of paralysis (7)
Scrolls
 D - a scroll of immolation {unknown}
 E - a scroll of fog {unknown}
 G - a scroll of fear
 N - a scroll of butterflies {unknown}
Potions
 i - 5 potions of curing
 j - 2 potions of brilliance
 m - 3 potions of resistance
 o - a potion of degeneration {unknown}
 r - 2 potions of enlightenment {unknown}
 x - a potion of attraction {unknown}
 z - a potion of invisibility
 A - a potion of berserk rage
 M - a potion of lignification


   Skills:
 * Level 8.0 Fighting
 - Level 0.7(2.8) Short Blades
 * Level 4.8(4.9) Long Blades
 - Level 3.9 Axes
 + Level 5.0 Armour
 + Level 4.2 Dodging
 + Level 3.5 Stealth


You had 8 spell levels left.
You didn't know any spells.
Your spell library contained the following spells:

 Spells                   Type           Power      Damage    Failure   Level
 Kiss of Death            Conj/Necr      0%         2d5       34%         1
 Sandblast                Erth           0%         2d4       34%         1
 Sting                    Conj/Alch      0%         1d3       34%         1
 Call Imp                 Summ           0%         N/A       47%         2
 Lesser Beckoning         Tloc           0%         N/A       47%         2
 Sublimation of Blood     Necr           0%         N/A       47%         2
 Confusing Touch          Hex            0%         N/A       71%         3
 Gell's Gravitas          Tloc           0%         N/A       71%         3
 Passwall                 Erth           0%         N/A       71%         3
 Stone Arrow              Conj/Erth      0%         3d7       71%         3
 Teleport Other           Tloc           0%         N/A       71%         3
 Airstrike                Air            0%         2d(0-16)  98%         4
 Brom's Barrelling Bould  Conj/Erth      0%         2d3       98%         4
 Dispel Undead            Necr           0%         3d6       98%         4
 Fulminant Prism          Conj/Alch      0%         3d5       98%         4
 Iskenderun's Mystic Bla  Conj/Tloc      0%         2d3       98%         4
 Dispersal                Tloc           0%         N/A       100%        6
 Spellforged Servitor     Conj/Summ      0%         N/A       100%        7
 Summon Hydra             Summ           0%         N/A       100%        7


Dungeon Overview and Level Annotations

Branches:
Dungeon (7/15)             Temple (1/1) D:4         Ossuary (visited)

Altars:
Ashenzari
Cheibriados
Dithmenos
Elyvilon
Fedhas
Gozag
Hepliaklqana
Kikubaaqudgha
Makhleb
Nemelex Xobeh
Okawaru
Qazlal
Ru
Sif Muna
Trog
Uskayaw
Vehumet
Wu Jian
Xom
Yredelemnul
Zin
The Shining One

Shops:
D:4 *

Annotations:
D:7 2 transporters


Innate Abilities, Weirdness & Mutations

Your facial features look somewhat orcish.
Your spellcasting is much less encumbered by armour.
You can use scrolls of enchantment on lesser artefacts.


Message History

Your +4 long sword of Noon {spect, rPois Stlth+} hits the elephant zombie but does no damage.
The howler monkey zombie hits you. Nordag barely misses you.
The elephant zombie tramples you.
You hold your ground!
The elephant zombie barely misses you.
The howler monkey zombie hits you but does no damage.
You hit the elephant zombie but do no damage.
The elephant zombie is heavily damaged.
Your +4 long sword of Noon {spect, rPois Stlth+} hits the elephant zombie!
Nordag points at you and mumbles some strange words.
The blast of sand hits you!!
* * * LOW HITPOINT WARNING * * *
The elephant zombie closely misses your +4 long sword of Noon {spect, rPois Stlth+}.
The elephant zombie barely misses your +4 long sword of Noon {spect, rPois Stlth+}.
The howler monkey zombie hits you but does no damage.
The elephant zombie tramples your +4 long sword of Noon {spect, rPois Stlth+}.
Your spectral weapon shares its damage with you!
Your +4 long sword of Noon {spect, rPois Stlth+} is shoved backwards!
* * * LOW HITPOINT WARNING * * *
Nordag gestures at you while chanting. You resist with some effort.
You feel much better.
Your +4 long sword of Noon {spect, rPois Stlth+} disappears.
The howler monkey zombie hits you.
Nordag hits you with the +11 dagger of Sazanoh {drain, rN+ Will+}!
You feel drained. The scorpion zombie barely misses you.
The howler monkey zombie closely misses you.
You feel very mighty all of a sudden.
Nordag hits you with the +11 dagger of Sazanoh {drain, rN+ Will+}!
* * * LOW HITPOINT WARNING * * *
You feel drained.
* * * LOW HITPOINT WARNING * * *
The howler monkey zombie hits you.
* * * LOW HITPOINT WARNING * * *
The scorpion zombie closely misses you. The elephant zombie tramples you!
* * * LOW HITPOINT WARNING * * *
You hold your ground!
The elephant zombie trunk-slaps you but does no damage.
Nordag hits you with the +11 dagger of Sazanoh {drain, rN+ Will+}!
You die...
Beogh appreciates Nordag's killing of a heretic priest.

##.## #.#.#.##...#.###§§....#
##..# #.#.#.##...###[#.§§...#
###.###.#.#.##.#.##..#.§§§..#
# #...#.#.#.##.#+#...#§######
# ###.#.#.#.####.....+_# #
#...#.#.#..#'#...#§#
#######...#......##..#§
+.......#......ZZ###)#.
#########......o@Z.# #
#.#..........$.#
#>#............#
###########..........^.#
..#....................#
..#....................#
..#...................[#
..................
..#........#......


You could see Nordag the orc apostle (divinely empowered), an elephant zombie, a
scorpion zombie and a howler monkey zombie.

Vanquished Creatures
  A steam dragon (D:7)
  2 water moccasins (D:7)
  An orc warrior (D:7)
  An ogre (D:5)
  2 elf zombies
  A phantom (D:5)
  A kobold brigand (D:6)
  2 bullfrogs (D:7)
  2 scorpions (Ossuary)
  A howler monkey (D:5)
  2 human zombies (D:7)
  3 jellies
  3 hounds
  A gnoll bouda (D:6)
  5 iguanas
  2 sleepcaps (D:7)
  4 scorpion zombies (Ossuary)
  3 orc wizards
  2 killer bee zombies (D:7)
  5 hound zombies (D:7)
  4 mummies
  Robin (D:4)
  7 adders
  8 gnolls
  3 white imps
  5 adder zombies
  3 dart slugs
  A ribbon worm (D:2)
  9 orcs
  3 bats
  6 endoplasms
  3 giant cockroaches
  12 goblins
  6 hobgoblins
  4 jackals (D:3)
  5 kobolds
  5 quokkas
  2 training dummies (D:4)
  6 ball pythons
  3 frilled lizards
  2 gnoll zombies (Ossuary)
  4 jackal zombies (Ossuary)
  4 kobold zombies
  An orc zombie (D:4)
  A rat (D:1)
152 creatures vanquished.

Vanquished Creatures (others)
  An orc priest (D:5)
  2 orc wizards (D:7)
  2 orcs
5 creatures vanquished.

Grand Total: 157 creatures vanquished

Notes
Turn   | Place    | Note
-------+----------+-------------------------------------------
     0 | D:1      | javelincjr the Mountain Dwarf Monk began the quest for the
                  | Orb.
     0 | D:1      | Reached XP level 1. HP: 19/19 MP: 1/1
   714 | D:2      | Reached XP level 2. HP: 26/26 MP: 2/2
  1084 | D:2      | Reached skill level 1 in Armour
  1138 | D:2      | Reached XP level 3. HP: 30/33 MP: 3/3
  1305 | D:2      | Identified the +7 dagger of Zin, Holding {holy, rF++}
  1916 | D:3      | Reached skill level 4 in Fighting
  1935 | D:3      | Reached skill level 1 in Stealth
  2000 | D:3      | Reached XP level 4. HP: 37/40 MP: 4/4
  2139 | D:3      | Identified the +9 giant spiked club of the Evil Eye
                  | {protect, rC+ rN+}
  2596 | D:4      | Found Vijuekle's General Store.
  2601 | D:4      | Identified a scroll of acquirement
  2601 | D:4      | Acquired the +7 triple sword of War {holy, *Rage rElec rC++
                  | rN+}
  2616 | D:4      | Bought a +0 cloak for 54 gold pieces
  2634 | D:4      | Reached XP level 5. HP: 47/47 MP: 5/5
  2718 | D:4      | Found a staircase to the Ecumenical Temple.
  2752 | D:4      | Found a sand-covered staircase.
  2753 | D:4      | Noticed Robin
  2782 | D:4      | Killed Robin
  2856 | Ossuary  | Entered an ossuary
  2863 | Ossuary  | Reached skill level 5 in Fighting
  2863 | Ossuary  | Reached skill level 1 in Long Blades
  2876 | Ossuary  | Reached XP level 6. HP: 52/56 MP: 6/6
  3009 | Ossuary  | Reached XP level 7. HP: 62/62 MP: 7/7
  3105 | Temple   | Entered the Ecumenical Temple
  3420 | D:4      | Found a snail-covered altar of Cheibriados.
  3420 | D:4      | Found an ornate altar of the Wu Jian Council.
  3467 | D:5      | Entered Level 5 of the Dungeon
  3667 | D:5      | Reached skill level 6 in Fighting
  3678 | D:5      | Became a worshipper of Beogh the Shepherd
  3678 | D:5      | Reached * piety under Beogh
  3678 | D:5      | Reached ** piety under Beogh
  3989 | D:5      | Identified the +2 long sword of Noon {spect, rPois Stlth+}
  4227 | D:5      | Got Xipimiw's Enchiridion on Arcane Weapons and the Nimbus
  4695 | D:6      | Reached XP level 8. HP: 71/71 MP: 8/8
  4808 | D:6      | Found a bloodstained altar of Trog.
  5095 | D:6      | Found a shimmering altar of Xom.
  5095 | D:6      | Found a stormy altar of Qazlal.
  5626 | D:7      | Reached skill level 7 in Fighting
  5662 | D:7      | Found a transporter.
  5912 | D:7      | Found an ancient bone altar of Kikubaaqudgha.
  6129 | D:7      | Found a transporter.
  6141 | D:7      | Noticed a kobold demonologist
  6230 | D:7      | Reached XP level 9. HP: 76/81 MP: 9/9
  6233 | D:7      | Reached *** piety under Beogh
  6244 | D:7      | Reached skill level 5 in Armour
  6249 | D:7      | Reached skill level 8 in Fighting
  6252 | D:7      | Identified the +11 dagger of Sazanoh {drain, rN+ Will+}
  6252 | D:7      | Identified the +2 robe of Ligg {rC- Will+ rCorr Str+5}
  6252 | D:7      | Noticed Nordag
  6260 | D:7      | Slain by Nordag the orc apostle

Illustrated notes

Levels and vault maps discovered:
D:1:      minmay_arrival_five_plusses, layout_basic
D:2:      layout_loops_corners
D:3:      minmay_door_path, layout_basic, minmay_misc_feat_iff,
          grunt_ministairs_9, kennysheep_generic_room_5
D:4:      dreamdust_elfheim, layout_cave_pools,
          gammafunk_temple_overflow_elements, minmay_temple_entry_glassed_door,
          serial_shops, nicolae_square_shop, nicolae_ossuary_entry_giza,
          uniq_robin
D:5:      layout_loops_corners, minmay_checkerbox
D:6:      layout_layer_cave, gammafunk_temple_overflow_statue,
          mainiacjoe_overflow_cross_hatched, serial_library_regret_index_multi,
          hangedman_decor_opposing, minmay_crystal_room, minmay_misc_feat_five
D:7:      gammafunk_wand_slinger, layout_basic, roadster_capsule_ark_zombie
Temple:   minmay_temple_bridge_d

Skill      XL: |  1  2  3  4  5  6  7  8  9 |
---------------+----------------------------+-----
Armour         | 1 2 3 4 5 |  5.0
Fighting       | 4 5 6 7 8 |  8.0
Stealth        | 1 2 3 |  3.5
Long Blades    | 1 3 4 |  4.8
Dodging        | 3 4 |  4.2
Short Blades   | |  0.7
Axes           | |  3.9

Action                     |  1- 3 |  4- 6 |  7- 9 || total
---------------------------+-------+-------+-------++-------
  Melee: Hand axe          |    76 |       |     1 ||    77
         Dagger            |    38 |    28 |       ||    66
         Triple sword      |       |    76 |    67 ||   143
         Long sword        |       |       |   127 ||   127
         Unarmed           |       |       |     7 ||     7
  Throw: Boomerang         |       |     2 |       ||     2
 Invoke: Convert to Beogh  |       |       |     1 ||     1
    Use: Scroll            |       |     8 |     8 ||    16
         Potion            |       |       |     5 ||     5
   Stab: Sleeping          |       |       |     4 ||     4
         Distracted        |       |       |     1 ||     1
 Armour: Leather armour    |    54 |       |       ||    54
         Ring mail         |       |   109 |   148 ||   257
         Steam dragon scal |       |       |    60 ||    60
  Dodge: Dodged            |    67 |    81 |   156 ||   304

Table legend: (Time is in decaauts)
 A = Elapsed time spent in this place.
 B = Non-inter-level travel time spent in this place.
 C = Inter-level travel time spent in this place.
 D = Time resting spent in this place.
 E = Time spent auto-exploring this place.
 F = Levels seen in this place.
 G = Mean time per level.
                   A        B        C        D        E       F      G
               +--------+--------+--------+--------+--------+-----+--------+
         Total |   6463 |   6266 |    197 |     66 |   4725 |   9 |  718.1 |
       Dungeon |   6202 |   6005 |    197 |     66 |   4620 |   7 |  886.0 |
        Temple |      1 |      1 |      0 |      0 |      0 |   1 |    1.0 |
       Ossuary |    258 |    258 |      0 |      0 |    105 |   1 |  258.0 |
               +--------+--------+--------+--------+--------+-----+--------+

Top non-repeatable levels by time:
     D:6: 1101 daAuts
     D:5: 1094 daAuts
     D:2: 1059 daAuts
     D:4: 841 daAuts
     D:3: 742 daAuts
     D:1: 698 daAuts
     D:7: 666 daAuts
 Ossuary: 258 daAuts
  Temple: 1 daAuts
